AoeStats
← eduhaas

Oasis

510239816Analyzed
4v4 RM · 23h ago on Sep 30, 2026· 61m 3s· 8 players
Game mode
Random Map
Map size
Large (8 player)
Population
200
Speed
Normal
Resources
Standard
Victory
Conquest
Starting age
Dark Age
Ending age
Imperial Age
RankedLock teamsTeams togetherTeam positionsShared explorationLock speedFull tech treeHidden civsTurbo modeCheats
Victory
Defeat
🇺🇸 Chinese · United States
1052
+17
🇺🇸 Byzantines · United States
1031
+18
🇺🇸 Lithuanians · United States
1018
+19
🇺🇸 Persians · United States
996
+20
🇮🇳 Persians · India
1217
-24
🇲🇽 Franks · Mexico
1072
-18
🇧🇷 Byzantines · Brazil
1060
-18
🇨🇴 Saracens · Colombia
976
-14
ExiledBLEEZY420
0:27 Loom
9:38 Feudal Age
10:55 Wheelbarrow
10:10 Double-Bit Axe
17:15 Stone Mining
22:24 Castle Age
20:14 Horse Collar
20:46 Gold Mining
23:13 Pikeman
24:03 Husbandry
24:59 Bow Saw
27:17 Heavy Plow
28:18 Hand Cart
32:53 Imperial Age
32:30 Elite War Elephant
33:36 Conscription
34:17 Crop Rotation
36:17 Two-Man Saw
36:01 Forging
35:53 Scale Mail Armor
36:11 Bloodlines
36:07 Kamandaran
36:03 Gambesons
36:28 Crossbowman
37:13 Padded Archer Armor
37:03 Fletching
37:50 Squires
37:17 Halberdier
39:38 Iron Casting
39:08 Scale Barding Armor
39:53 Gold Shaft Mining
42:12 Blast Furnace
41:24 Thumb Ring
42:10 Arson
41:52 Cavalier
43:42 Chain Mail Armor
43:48 Chain Barding Armor
43:44 Leather Archer Armor
43:25 Bodkin Arrow
43:42 Savar
51:13 Caravan
54:32 Ring Archer Armor
54:37 Plate Mail Armor
57:08 Light Cavalry
61:24 Plate Barding Armor
Hiltera
5:33 Loom
12:58 Feudal Age
13:50 Double-Bit Axe
13:49 Horse Collar
14:01 Gold Mining
16:38 Castle Age
17:51 Bow Saw
18:16 Heavy Plow
28:27 Imperial Age
25:49 Stone Mining
26:36 Wheelbarrow
26:09 Scale Barding Armor
26:08 Husbandry
28:33 Bloodlines
29:21 Hand Cart
30:09 Two-Man Saw
29:40 Crop Rotation
29:47 Stone Shaft Mining
28:35 Cavalier
29:26 Forging
31:58 Paladin
32:53 Caravan
34:12 Chain Barding Armor
35:11 Iron Casting
38:20 Plate Barding Armor
42:46 Conscription
44:54 Guilds
45:57 Devotion
50:32 Pikeman
Tachyon
8:53 Loom
11:16 Feudal Age
16:11 Castle Age
15:43 Horse Collar
15:56 Double-Bit Axe
18:13 Bow Saw
24:10 Stone Mining
25:13 Wheelbarrow
24:32 Gold Mining
26:25 Gold Shaft Mining
25:55 Heavy Plow
27:54 Stone Shaft Mining
30:35 Imperial Age
29:25 Hand Cart
29:21 Caravan
30:52 Scale Mail Armor
30:51 Crossbowman
32:29 Guilds
32:02 Arbalester
34:18 Two-Man Saw
33:42 Conscription
33:19 Fletching
33:29 Padded Archer Armor
33:39 Thumb Ring
34:38 Elite Skirmisher
35:16 Bodkin Arrow
35:36 Leather Archer Armor
36:25 Chemistry
36:06 Bracer
36:59 Crop Rotation
37:07 Hoardings
37:59 Forging
38:36 Ballistics
38:13 Murder Holes
38:58 Ring Archer Armor
39:01 Forging
40:04 Husbandry
39:25 Heavy Camel Rider
40:14 Scale Barding Armor
41:19 Iron Casting
46:40 Elite Varangian Guard
47:21 Squires
47:07 Arson
47:39 Chain Mail Armor
47:11 Light Cavalry
48:31 Pikeman
50:46 Hussar
52:36 Bombard Tower
51:58 Treadmill Crane
53:48 Halberdier
59:08 Logistica
Moron With A Gun
0:35 Loom
12:11 Feudal Age
17:46 Castle Age
15:37 Double-Bit Axe
19:32 Wheelbarrow
20:23 Bow Saw
23:15 Horse Collar
25:37 Hand Cart
25:26 Gold Mining
28:28 Fletching
30:21 Fortified Wall
34:32 Imperial Age
33:07 Bodkin Arrow
32:37 Pikeman
34:48 Heavy Plow
35:02 Scale Mail Armor
35:03 Padded Archer Armor
35:17 Thumb Ring
35:14 Elite Skirmisher
36:03 Squires
36:27 Bracer
36:50 Ballistics
37:45 Two-Man Saw
38:25 Chemistry
38:39 Forging
39:17 Leather Archer Armor
40:06 Gold Shaft Mining
39:07 Halberdier
40:27 Elite Chu Ko Nu
42:25 Ring Archer Armor
42:45 Masonry
43:40 Chain Mail Armor
44:01 Iron Casting
43:18 Arson
44:59 Architecture
44:51 Bombard Tower
46:02 Caravan
47:11 Blast Furnace
46:54 Crossbowman
48:10 Conscription
50:02 Plate Mail Armor
49:01 Arbalester
56:16 Murder Holes
56:07 Arrowslits
58:06 Stone Mining
eduhaas
11:17 Feudal Age
13:06 Double-Bit Axe
15:43 Castle Age
21:06 Stone Mining
22:41 Loom
23:32 Wheelbarrow
22:44 Town Watch
23:20 Bow Saw
24:27 Gold Mining
30:09 Hand Cart
32:38 Imperial Age
31:47 Fervor
31:40 Devotion
32:23 Gold Shaft Mining
33:14 Pikeman
33:55 Squires
33:41 Arson
34:01 Scale Mail Armor
34:11 Forging
34:06 Husbandry
34:47 Conscription
34:23 Gambesons
35:38 Illumination
35:29 Block Printing
35:59 Theocracy
35:51 Caravan
36:48 Faith
36:23 Herbal Medicine
35:58 Halberdier
36:57 Chain Mail Armor
37:24 Iron Casting
38:25 Scale Barding Armor
38:51 Plate Mail Armor
38:13 Fletching
38:24 Padded Archer Armor
38:39 Heavy Scorpion
41:55 Chemistry
41:15 Ballistics
41:06 Fortified Wall
41:08 Masonry
42:36 Sanctity
43:44 Arrowslits
44:12 Siege Engineers
el_joker
5:16 Loom
12:15 Feudal Age
15:19 Double-Bit Axe
21:24 Castle Age
20:40 Stone Mining
20:37 Horse Collar
21:47 Fletching
21:53 Gold Mining
22:26 Padded Archer Armor
24:10 Wheelbarrow
24:27 Gold Shaft Mining
23:47 Crossbowman
31:07 Bow Saw
35:21 Imperial Age
33:10 Bodkin Arrow
34:41 Leather Archer Armor
34:52 Ballistics
34:28 Murder Holes
35:31 Arbalester
36:16 Thumb Ring
38:08 Chemistry
37:11 Bracer
38:38 Ring Archer Armor
45:31 Caravan
52:44 Elite Skirmisher
LIGHTYRIX
10:33 Feudal Age
14:28 Castle Age
13:05 Double-Bit Axe
13:12 Horse Collar
15:43 Bow Saw
22:03 Heavy Plow
22:42 Wheelbarrow
21:57 Loom
28:09 Imperial Age
28:04 Forging
27:59 Scale Barding Armor
28:38 Bloodlines
28:28 Husbandry
28:01 Cavalier
29:44 Hand Cart
30:40 Two-Man Saw
30:28 Crop Rotation
29:55 Gold Mining
29:59 Stone Mining
32:02 Iron Casting
31:48 Chain Barding Armor
32:35 Kamandaran
32:55 Conscription
32:40 Savar
35:00 Blast Furnace
34:36 Plate Barding Armor
36:23 Elite War Elephant
38:22 Chemistry
37:15 Fletching
37:26 Padded Archer Armor
38:01 Bodkin Arrow
39:25 Caravan
41:46 Leather Archer Armor
41:06 Light Cavalry
41:10 Heavy Camel Rider
43:05 Ballistics
43:48 Ring Archer Armor
43:40 Hussar
45:40 Hoardings
45:50 Citadels
48:09 Crossbowman
48:54 Thumb Ring
49:15 Parthian Tactics
51:48 Scale Mail Armor
Jcn_x
0:30 Loom
11:43 Feudal Age
15:12 Scale Mail Armor
15:22 Forging
16:51 Horse Collar
17:31 Double-Bit Axe
21:13 Castle Age
21:28 Stone Mining
22:22 Wheelbarrow
22:44 Bow Saw
23:07 Heavy Plow
24:39 Fortified Wall
27:16 Treadmill Crane
28:20 Gold Mining
32:35 Imperial Age
30:57 Gold Shaft Mining
31:04 Stone Shaft Mining
31:02 Ballistics
31:02 Hand Cart
32:05 Squires
31:50 Arson
31:51 Gambesons
31:27 Pikeman
32:45 Chain Mail Armor
32:54 Fletching
34:25 Crop Rotation
35:10 Plate Mail Armor
35:15 Iron Casting
36:18 Chemistry
35:47 Caravan
36:27 Halberdier
37:40 Elite Varangian Guard
39:33 Conscription
39:50 Hoardings
40:47 Bombard Tower
39:57 Capped Ram
41:48 Logistica
43:22 Siege Ram
45:13 Murder Holes
46:24 Bodkin Arrow
49:21 Greek Fire
Connection lost

Rejoining the realm…

Still unreachable

The connection could not be restored.

Session expired

The server has moved on; the page needs a fresh start.